 Dungeon Crawl Stone Soup version 0.21-a0-72-gbbb65ab (webtiles) character file.

39 Kidiri the Insei (level 3, 0/26 HPs)
             Began as a Demonspawn Transmuter on June 20, 2017.
             Slain by a quokka (4 damage)
             ... on level 2 of the Dungeon.
             The game lasted 00:04:12 (1535 turns).

Kidiri the Insei (Demonspawn Transmuter)            Turns: 1535, Time: 00:04:13

Health: 0/26       AC:  2    Str: 11    XL:     3   Next: 26%
Magic:  5/6        EV: 12    Int: 14    God:
Gold:   66         SH:  0    Dex: 13    Spells: 2/6 levels left

rFire    . . .     SeeInvis .     - Unarmed
rCold    . . .     Gourm    .   (no shield)
rNeg     . . .     Faith    .   b - +0 robe
rPois    .         Spirit   .   (no helmet)
rElec    .         Reflect  .   (no cloak)
rCorr    .         Harm     .   (no gloves)
MR       .....                  (no boots)
Stlth    +.........             (no amulet)
HPRegen  0.08/turn              (no ring)
MPRegen  0.10/turn              (no ring)

@: appendage
A: horns 2, talons 1
a: End Transformation


You were on level 2 of the Dungeon.
You were not hungry.
You had grown temporary horns.
You visited 1 branch of the dungeon, and saw 2 of its levels.

You collected 66 gold pieces.

Inventory:

Missiles
 a - 12 arrows
Armour
 b - a +0 robe (worn)
Scrolls
 f - 3 scrolls of magic mapping
 i - a scroll of fog
Potions
 e - 3 potions of curing {unknown}
 g - a potion of haste
 k - 2 potions of might {unknown}
 n - a potion of heal wounds {unknown}
Books
 c - a book of Changes

   Spells                             Type                      Level
   a - Beastly Appendage              Transmutation                1
   b - Sticks to Snakes               Transmutation                2
   c - Spider Form                    Transmutation/Poison         3
   d - Ice Form                       Ice/Transmutation            4
   e - Blade Hands                    Transmutation                5
Comestibles
 d - 2 bread rations
 h - 4 chunks of flesh
 m - a meat ration


   Skills:
 * Level 1.3 Fighting
 + Level 0.1 Armour
 * Level 2.1 Dodging
 + Level 0.6 Stealth
 * Level 2.9 Unarmed Combat
 * Level 2.1 Spellcasting
 * Level 2.4 Transmutations
 + Level 0.0 Poison Magic


You had 2 spell levels left.
You knew the following spells:

 Your Spells              Type           Power        Failure   Level  Hunger
a - Beastly Appendage     Tmut           #.....       9%          1    ##.....
b - Spider Form           Tmut/Pois      #.........   38%         3    ####...


Dungeon Overview and Level Annotations

Branches:
Dungeon (2/15)

Altars:


Innate Abilities, Weirdness & Mutations

You have sharp toenails.
You have a pair of horns on your head.


Message History

The quokka closely misses you.
You see here a club.
The quokka bites you.
* * * LOW HITPOINT WARNING * * *
You see here a frilled lizard skeleton.
Casting: Spider Form
Confirm with . or Enter, or press ? or * to list all spells.
You grow a pair of large bovine horns.
The quokka barely misses you.
Unknown command.
You closely miss the quokka. Your headbutt misses the quokka.
The quokka is severely wounded.
The quokka bites you.
* * * LOW HITPOINT WARNING * * *
You are too injured to fight recklessly!
You are too injured to fight recklessly!
Unknown command.
You closely miss the quokka.
The quokka is severely wounded.
The quokka bites you.
You die...

,*,** #.# **,*
,,,,* ####.####
*,,* ,,,**
#.......# *,**
,*,,******#.#####.#
*,* *****,,,,...*
#.## *,*
,,,,,,,...#.* #..#
*,* *******##,#.*
#..# *,* *
*,#.#####..# *,* *
*,#..gsr@..#
*****,* ******
*,##.#####.#
*,,,,,* ,,,,,*
*,*#.#####.#
*,***** ***,,*
*>*#g......# *,*
*,,* *,*#..######
*,* *,,****,*#..#
*,* ***,,#........#
*,*
,,,,,.(>..###.#*
*,*
***,,#.##***...**
*,*


You could see a quokka, a giant cockroach and a goblin.

Vanquished Creatures
  A dart slug (D:1)
  2 leopard geckos (D:1)
  6 bats (D:1)
  4 goblins
  5 hobgoblins
  A quokka (D:2)
  7 frilled lizards
  5 kobolds
  2 rats (D:1)
33 creatures vanquished.

Notes
Turn   | Place    | Note
-------+----------+-------------------------------------------
     0 | D:1      | Kidiri the Demonspawn Transmuter began the quest for the Orb.
     0 | D:1      | Reached XP level 1. HP: 15/15 MP: 3/3
   202 | D:1      | Gained mutation: You have sharp toenails. [demonic ancestry]
   202 | D:1      | Reached XP level 2. HP: 21/21 MP: 5/5
  1069 | D:1      | Reached XP level 3. HP: 24/26 MP: 4/6
  1078 | D:1      | Learned a level 3 spell: Spider Form
  1535 | D:2      | Slain by a quokka

Vault maps used:
D:1:      dpeg_arrival_rooms_c
D:2:      minmay_wonky_spiral, fedhas_altar_2

Skill      XL: |  1  2 |
---------------+-------+-----
Transmutations | 2 |  2.4
Dodging        | 2 |  2.1
Fighting       | |  1.3
Armour         | |  0.1
Stealth        | |  0.6
Unarmed Combat | |  2.9
Spellcasting   | |  2.1

Action                   || total
-------------------------++-------
Melee: Unarmed           ||   114
       Kick              ||    15
       Headbutt          ||     4
       Punch             ||     1
 Cast: Beastly Appendage ||    15
       Spider Form       ||     2
  Use: Scroll            ||     6
 Stab: Distracted        ||     1
  Eat: Chunk             ||     3
Armor: Robe              ||    22
Dodge: Dodged            ||    92
